TOP OF THE 1ST |
San Francisco (APP) Giants batting - Pitching for Helena Brewers : LHP Nolan Stefanski
|
Pitching: LHP Nolan Stefanski
|
|
Batting: RHB Frank Pena
|
0-0: Swinging Strike 0-1: Foul Ball, location: 2F 0-2: Ground out 6-3 (Groundball, 6, EV 101.9 MPH)
|
Batting: RHB Pedro Quezada
|
0-0: Ball 1-0: SINGLE (Line Drive, 8RS, EV 111.3 MPH)
|
Batting: RHB Dinand Brouwer
|
0-0: Ball Pedro Quezada steals 2nd, throwing error, E2 Pedro Quezada to third 1-0: Ball Wild Pitch! Pedro Quezada scores 2-0: SOLO HOME RUN (Line Drive, 78XD, EV 108.8 MPH), Distance : 455 ft
|
Batting: RHB Edwin Verdugo
|
0-0: Foul Ball, location: 2F 0-1: Ball 1-1: SOLO HOME RUN (Flyball, 7LD, EV 97.5 MPH), Distance : 364 ft
|
Batting: RHB Bill Defazio
|
0-0: Foul Ball, location: 2F 0-1: Swinging Strike 0-2: Foul Ball, location: 2F 0-2: Fly out, F9 (Flyball, 9, EV 95.6 MPH)
|
Batting: RHB Teruhide Horiuchi
|
0-0: Ground out 6-3 (Groundball, 6M, EV 106.3 MPH)
|
Top of the 1st over - 3 runs, 3 hits, 1 error, 0 left on base; San Francisco (APP) 3 - Helena 0 |
BOTTOM OF THE 1ST |
Helena Brewers batting - Pitching for San Francisco (APP) Giants : RHP Rick Madden
|
Pitching: RHP Rick Madden
|
|
Batting: RHB Nick Cummings
|
0-0: Ball 1-0: Ball 2-0: Foul Ball, location: 2F 2-1: Ball 3-1: Called Strike 3-2: Fly out, F9 (Flyball, 9LS, EV 87.5 MPH)
|
Batting: LHB Gabe Harvey
|
0-0: Ball 1-0: Foul Ball, location: 2F 1-1: Foul Ball, location: 2F 1-2: Fly out, F4 (Line Drive, 4, EV 73.8 MPH)
|
Batting: SHB Mike Williams
|
0-0: Ball 1-0: Called Strike 1-1: Ball 2-1: SINGLE (Flyball, 56D, EV 90.6 MPH)
|
Batting: RHB Skyler Goss
|
0-0: Called Strike 0-1: Called Strike 0-2: Ball 1-2: Ball 2-2: Ground out 4-3 (Groundball, 4, EV 87.5 MPH)
|
Bottom of the 1st over - 0 runs, 1 hit, 0 errors, 1 left on base; San Francisco (APP) 3 - Helena 0 |
TOP OF THE 2ND |
San Francisco (APP) Giants batting - Pitching for Helena Brewers : LHP Nolan Stefanski
|
Batting: RHB Ed Broomhead
|
0-0: Foul Ball, location: 2F 0-1: Ball 1-1: Ball 2-1: Foul Ball, location: 2F 2-2: Strikes out swinging
|
Batting: RHB David Andrews
|
0-0: Ball 1-0: Foul Ball, location: 2F 1-1: Called Strike 1-2: Ground out 6-3 (Groundball, 6, EV 111.3 MPH)
|
Batting: RHB Alexis Andrade
|
0-0: Swinging Strike 0-1: Ball 1-1: SOLO HOME RUN (Line Drive, 7D, EV 103.1 MPH), Distance : 381 ft
|
Batting: RHB Frank Pena
|
0-0: Called Strike 0-1: Foul Ball, location: 2F 0-2: Strikes out looking
|
Top of the 2nd over - 1 run, 1 hit, 0 errors, 0 left on base; San Francisco (APP) 4 - Helena 0 |
BOTTOM OF THE 2ND |
Helena Brewers batting - Pitching for San Francisco (APP) Giants : RHP Rick Madden
|
Batting: LHB Pablo Cardona
|
0-0: Called Strike 0-1: Fly out, F9 (Flyball, 89S, EV 93.1 MPH)
|
Batting: SHB Robert Sayer
|
0-0: SINGLE (Groundball, 4M, EV 99.4 MPH)
|
Batting: RHB Jonathan Sarles
|
0-0: Ball 1-0: Foul Ball, location: 2F 1-1: Ball 2-1: Ball 3-1: Fielders Choice at 2nd, 3-6 (Groundball, 34S, EV 87.5 MPH)
|
Pitching: LHP Mark Gregor
|
|
Batting: RHB Ben Taylor
|
0-0: SINGLE (Flyball, 8RS, EV 93.1 MPH) Jonathan Sarles to second
|
Batting: LHB Umar Matoub
|
0-0: Called Strike 0-1: Foul Ball, location: 2F 0-2: Strikes out swinging
|
Bottom of the 2nd over - 0 runs, 2 hits, 0 errors, 2 left on base; San Francisco (APP) 4 - Helena 0 |
TOP OF THE 3RD |
San Francisco (APP) Giants batting - Pitching for Helena Brewers : LHP Nolan Stefanski
|
Batting: RHB Pedro Quezada
|
0-0: Ball 1-0: Ball 2-0: Ground out 4-3 (Groundball, 4, EV 81.3 MPH)
|
Batting: RHB Dinand Brouwer
|
0-0: Swinging Strike 0-1: Ball 1-1: Ball 2-1: SINGLE (Groundball, 56D, EV 102.5 MPH)
|
Batting: RHB Edwin Verdugo
|
0-0: Ball 1-0: Ball 2-0: Foul Ball, location: 2F 2-1: Called Strike 2-2: Ball 3-2: Ground out 5-3 (Groundball, 56S, EV 62.5 MPH) Dinand Brouwer to second
|
Batting: RHB Bill Defazio
|
0-0: Called Strike 0-1: Ball 1-1: Fly out, F9 (Flyball, 9D, EV 82.5 MPH)
|
Top of the 3rd over - 0 runs, 1 hit, 0 errors, 1 left on base; San Francisco (APP) 4 - Helena 0 |
BOTTOM OF THE 3RD |
Helena Brewers batting - Pitching for San Francisco (APP) Giants : LHP Mark Gregor
|
Batting: RHB Nick Cummings
|
0-0: DOUBLE (Line Drive, 8RD, EV 91.3 MPH)
|
Batting: LHB Gabe Harvey
|
0-0: 2-RUN HOME RUN (Flyball, 9D, EV 96.3 MPH), Distance : 360 ft
|
Batting: SHB Mike Williams
|
0-0: Ball 1-0: Ball 2-0: Foul Ball, location: 2F 2-1: Foul Ball, location: 2F 2-2: DOUBLE (Flyball, 89D, EV 88.8 MPH)
|
Batting: RHB Skyler Goss
|
0-0: Called Strike 0-1: Ball 1-1: Ball 2-1: Ball 3-1: Called Strike 3-2: Foul Ball, location: 2F 3-2: Ground out 2-3 (Groundball, 15S, EV 74.4 MPH) Mike Williams to third
|
Pitching: RHP Nick McDade
|
|
Batting: LHB Pablo Cardona
|
0-0: Ball 1-0: Swinging Strike 1-1: Swinging Strike 1-2: Strikes out looking
|
Batting: SHB Robert Sayer
|
0-0: Ball 1-0: Foul Ball, location: 2F 1-1: Ball 2-1: Foul Ball, location: 2F 2-2: Foul Ball, location: 2F 2-2: Foul Ball, location: 2F 2-2: Ball 3-2: Base on Balls
|
Batting: RHB Jonathan Sarles
|
0-0: Ball 1-0: 3-RUN HOME RUN (Line Drive, 9LD, EV 98.1 MPH), Distance : 351 ft
|
Batting: RHB Ben Taylor
|
0-0: SINGLE (Flyball, 78S, EV 91.9 MPH)
|
Batting: LHB Umar Matoub
|
0-0: Called Strike 0-1: Foul Ball, location: 2F 0-2: Ball 1-2: Foul Ball, location: 2F 1-2: Ball 2-2: Strikes out looking
|
Bottom of the 3rd over - 5 runs, 5 hits, 0 errors, 1 left on base; San Francisco (APP) 4 - Helena 5 |
TOP OF THE 4TH |
San Francisco (APP) Giants batting - Pitching for Helena Brewers : LHP Nolan Stefanski
|
Batting: RHB Teruhide Horiuchi
|
0-0: Hit by Pitch
|
Batting: RHB Ed Broomhead
|
0-0: Foul Ball, location: 2F 0-1: Ball 1-1: Foul Ball, location: 2F 1-2: Ball 2-2: Foul Ball, location: 2F 2-2: Foul Ball, location: 2F 2-2: Foul Ball, location: 2F 2-2: Strikes out swinging
|
Batting: RHB David Andrews
|
0-0: Ball 1-0: 2-RUN HOME RUN (Flyball, 7D, EV 96.9 MPH), Distance : 379 ft
|
Pitching: RHP Ernie Borden
|
|
Batting: RHB Alexis Andrade
|
0-0: Ball 1-0: Ball 2-0: Ball 3-0: Called Strike 3-1: Base on Balls
|
Batting: RHB Frank Pena
|
0-0: Ball 1-0: SINGLE (Groundball, 4MD, EV 99.4 MPH) Alexis Andrade to second
|
Batting: RHB Pedro Quezada
|
0-0: Ball 1-0: Ball 2-0: Ball 3-0: Called Strike 3-1: Called Strike 3-2: Base on Balls Alexis Andrade to third Frank Pena to second
|
Batting: RHB Dinand Brouwer
|
0-0: Ball 1-0: DOUBLE (Line Drive, 7LM, EV 107.5 MPH) Alexis Andrade scores Frank Pena scores Pedro Quezada to third Runner from 3rd tries for Home, SAFE, throw by LF to home
|
Batting: RHB Edwin Verdugo
|
0-0: Ball 1-0: Called Strike 1-1: Swinging Strike 1-2: Ball 2-2: Strikes out swinging
|
Batting: RHB Bill Defazio
|
0-0: Ball 1-0: Swinging Strike 1-1: Swinging Strike 1-2: Strikes out swinging
|
Top of the 4th over - 5 runs, 3 hits, 0 errors, 1 left on base; San Francisco (APP) 9 - Helena 5 |
BOTTOM OF THE 4TH |
Helena Brewers batting - Pitching for San Francisco (APP) Giants : RHP Nick McDade
|
Pitching: LHP Gil Longoria
|
|
Batting: RHB Nick Cummings
|
0-0: SINGLE (Line Drive, 8RS, EV 100.6 MPH)
|
Batting: LHB Gabe Harvey
|
0-0: Ball 1-0: Ball 2-0: Called Strike 2-1: Grounds into double play, 6-4-3 (Groundball, 6, EV 83.8 MPH)
|
Batting: SHB Mike Williams
|
0-0: Ball 1-0: Ball 2-0: Foul Ball, location: 2F 2-1: Ball 3-1: Base on Balls
|
Batting: RHB Skyler Goss
|
0-0: Ball 1-0: Fly out, F9 (Flyball, 9, EV 93.1 MPH)
|
Bottom of the 4th over - 0 runs, 1 hit, 0 errors, 1 left on base; San Francisco (APP) 9 - Helena 5 |
TOP OF THE 5TH |
San Francisco (APP) Giants batting - Pitching for Helena Brewers : RHP Ernie Borden
|
Batting: RHB Teruhide Horiuchi
|
0-0: Called Strike 0-1: Foul Ball, location: 2F 0-2: Ball 1-2: Strikes out swinging
|
Batting: RHB Ed Broomhead
|
0-0: Ball 1-0: Ball 2-0: Called Strike 2-1: SINGLE (Line Drive, 6M, EV 105.0 MPH)
|
Pitching: RHP Addick Huiberts
|
|
Batting: RHB David Andrews
|
0-0: Swinging Strike 0-1: Ball 1-1: Ball Wild Pitch! Ed Broomhead to second 2-1: Ball 3-1: Foul Ball, location: 2F 3-2: Foul Ball, location: 2F 3-2: Strikes out looking
|
Batting: RHB Alexis Andrade
|
0-0: Called Strike 0-1: Called Strike 0-2: Ball 1-2: Strikes out swinging
|
Top of the 5th over - 0 runs, 1 hit, 0 errors, 1 left on base; San Francisco (APP) 9 - Helena 5 |
BOTTOM OF THE 5TH |
Helena Brewers batting - Pitching for San Francisco (APP) Giants : LHP Gil Longoria
|
Batting: LHB Pablo Cardona
|
0-0: Ball 1-0: Ball 2-0: Ground out 3-1 (Groundball, 34S, EV 82.5 MPH)
|
Batting: SHB Robert Sayer
|
0-0: Ball 1-0: Called Strike 1-1: Foul Ball, location: 2F 1-2: Ball 2-2: Foul Ball, location: 2F 2-2: Ball 3-2: Strikes out swinging
|
Pitching: RHP Filip Nebylitsin
|
|
Batting: RHB Jonathan Sarles
|
0-0: Ball 1-0: Foul Ball, location: 2F 1-1: Ball 2-1: Ball 3-1: Base on Balls
|
Batting: RHB Ben Taylor
|
0-0: Called Strike Jonathan Sarles steals 2nd base 0-1: Ball 1-1: SINGLE (Groundball, 56D, EV 95.0 MPH) Jonathan Sarles to third Runner from 3rd tries for Home, throw by LF and OUT! 7-2
|
Bottom of the 5th over - 0 runs, 1 hit, 0 errors, 1 left on base; San Francisco (APP) 9 - Helena 5 |
TOP OF THE 6TH |
San Francisco (APP) Giants batting - Pitching for Helena Brewers : RHP Addick Huiberts
|
Batting: RHB Frank Pena
|
0-0: Foul Ball, location: 2F 0-1: Foul Ball, location: 2F 0-2: Ball 1-2: SINGLE (Groundball, 25, EV 67.5 MPH) (infield hit)
|
Batting: RHB Pedro Quezada
|
0-0: Grounds into double play, 4-6-3 (Groundball, 4, EV 89.4 MPH)
|
Batting: RHB Dinand Brouwer
|
0-0: Ball 1-0: Ball 2-0: SINGLE (Groundball, 56D, EV 95.0 MPH)
|
Batting: RHB Edwin Verdugo
|
0-0: Ball 1-0: Called Strike 1-1: Foul Ball, location: 2F 1-2: Strikes out looking
|
Top of the 6th over - 0 runs, 2 hits, 0 errors, 1 left on base; San Francisco (APP) 9 - Helena 5 |
BOTTOM OF THE 6TH |
Helena Brewers batting - Pitching for San Francisco (APP) Giants : RHP Filip Nebylitsin
|
Batting: LHB Umar Matoub
|
0-0: Foul Ball, location: 2F 0-1: Foul Ball, location: 2F 0-2: Ground out 6-3 (Groundball, 6M, EV 101.3 MPH)
|
Batting: RHB Nick Cummings
|
0-0: Ball 1-0: Ball 2-0: Ball 3-0: Called Strike 3-1: Fly out, F9 (Flyball, 9LS, EV 98.1 MPH)
|
Batting: LHB Gabe Harvey
|
0-0: Ball 1-0: SOLO HOME RUN (Flyball, 9D, EV 97.5 MPH), Distance : 382 ft
|
Batting: SHB Mike Williams
|
0-0: Ball 1-0: Ball 2-0: Called Strike 2-1: SINGLE (Line Drive, 78S, EV 90.6 MPH)
|
Batting: RHB Skyler Goss
|
0-0: Called Strike 0-1: Ball 1-1: Called Strike 1-2: Ball Mike Williams steals 2nd base (no throw) 2-2: SINGLE (Groundball, 6MD, EV 100.6 MPH) Mike Williams to third Runner from 3rd tries for Home, SAFE, throw by CF to home
|
Batting: LHB Pablo Cardona
|
0-0: SINGLE (Groundball, 4MS, EV 71.9 MPH) (infield hit) Skyler Goss to second
|
Batting: SHB Robert Sayer
|
0-0: Fly out, F8 (Line Drive, 8LD, EV 97.5 MPH)
|
Bottom of the 6th over - 2 runs, 4 hits, 0 errors, 2 left on base; San Francisco (APP) 9 - Helena 7 |
TOP OF THE 7TH |
San Francisco (APP) Giants batting - Pitching for Helena Brewers : RHP Addick Huiberts
|
Pitching: RHP Allen Gans
|
|
Batting: RHB Bill Defazio
|
0-0: Fly out, F7 (Flyball, 7LD, EV 78.1 MPH)
|
Batting: RHB Teruhide Horiuchi
|
0-0: Ball 1-0: Called Strike 1-1: Ball 2-1: Called Strike 2-2: Foul Ball, location: 2F 2-2: Strikes out swinging
|
Batting: RHB Ed Broomhead
|
0-0: Ball 1-0: Ball 2-0: Called Strike 2-1: Ball 3-1: Ground out 6-3 (Groundball, 6S, EV 90.6 MPH)
|
Top of the 7th over - 0 runs, 0 hits, 0 errors, 0 left on base; San Francisco (APP) 9 - Helena 7 |
BOTTOM OF THE 7TH |
Helena Brewers batting - Pitching for San Francisco (APP) Giants : RHP Filip Nebylitsin
|
Batting: RHB Jonathan Sarles
|
0-0: Ball 1-0: Called Strike 1-1: Ball 2-1: SOLO HOME RUN (Flyball, 7D, EV 94.4 MPH), Distance : 376 ft
|
Batting: RHB Ben Taylor
|
0-0: Ball 1-0: Called Strike 1-1: Ball 2-1: Foul Ball, location: 2F 2-2: DOUBLE (Line Drive, 9LM, EV 96.9 MPH)
|
Batting: LHB Umar Matoub
|
0-0: Called Strike 0-1: Ground out 4-3 (Groundball, 4, EV 99.4 MPH) Ben Taylor to third
|
Batting: RHB Nick Cummings
|
0-0: Called Strike 0-1: Ball 1-1: Ball 2-1: Ball 3-1: Base on Balls
|
Batting: LHB Gabe Harvey
|
0-0: Called Strike Nick Cummings steals 2nd base 0-1: Ball 1-1: Ball 2-1: Ball 3-1: Base on Balls
|
Batting: SHB Mike Williams
|
0-0: Called Strike 0-1: Foul Ball, location: 2F 0-2: Fly out, F7 (Flyball, 78M, EV 88.8 MPH) Runner from 3rd tags up, SCORES, throw by LF
|
Batting: RHB Skyler Goss
|
0-0: TRIPLE (Flyball, 8LXD, EV 93.1 MPH) Nick Cummings scores Gabe Harvey scores
|
Batting: LHB Pablo Cardona
|
0-0: Ball 1-0: Ball 2-0: Ball 3-0: Base on Balls
|
Batting: SHB Robert Sayer
|
0-0: Ball 1-0: Ball 2-0: Called Strike 2-1: Reached on error, E3 (Groundball, 13, EV 85.6 MPH) Skyler Goss scores Pablo Cardona to second
|
Pitching: RHP David Barona
|
|
Batting: RHB Jonathan Sarles
|
0-0: Called Strike 0-1: Swinging Strike 0-2: Ball 1-2: Ball Wild Pitch! Pablo Cardona to third Robert Sayer to second 2-2: Ball 3-2: Foul Ball, location: 2F 3-2: Base on Balls
|
Batting: RHB Ben Taylor
|
0-0: Called Strike 0-1: Ball 1-1: Swinging Strike 1-2: Ball 2-2: Ball 3-2: Foul Ball, location: 2F 3-2: SINGLE (Line Drive, 89S, EV 113.1 MPH) Pablo Cardona scores Robert Sayer to third Jonathan Sarles to second Robert Sayer scores Jonathan Sarles to third
|
Batting: LHB Umar Matoub
|
0-0: Ball 1-0: Ball Wild Pitch! Jonathan Sarles scores Ben Taylor to second 2-0: Ball 3-0: Base on Balls
|
Batting: RHB Nick Cummings
|
0-0: Ball 1-0: 3-RUN HOME RUN (Flyball, 7D, EV 106.3 MPH) (Inside the Park)
|
Batting: LHB Gabe Harvey
|
0-0: DOUBLE (Line Drive, 3D, EV 96.3 MPH)
|
Pinch Hitting: SHB David Lass
|
0-0: Ball 1-0: Called Strike 1-1: Foul Ball, location: 2F 1-2: Foul Ball, location: 2F 1-2: 2-RUN HOME RUN (Flyball, 9D, EV 93.8 MPH), Distance : 371 ft
|
Pitching: RHP Bob Schweiger
|
|
Batting: RHB Skyler Goss
|
0-0: Called Strike 0-1: Swinging Strike 0-2: Ball 1-2: Ball 2-2: Foul Ball, location: 2F 2-2: Ball 3-2: Base on Balls
|
Pinch Hitting: RHB Tim West
|
0-0: Ball 1-0: Foul Ball, location: 2F 1-1: Ground out U3 (Groundball, 3, EV 84.4 MPH)
|
Bottom of the 7th over - 13 runs, 7 hits, 1 error, 1 left on base; San Francisco (APP) 9 - Helena 20 |
TOP OF THE 8TH |
San Francisco (APP) Giants batting - Pitching for Helena Brewers : RHP Allen Gans
|
Now in LF: Josh Nelson
|
|
Now in CF: David Lass
|
|
Batting: RHB David Andrews
|
0-0: Ball 1-0: Ball 2-0: Swinging Strike 2-1: Ground out 6-3 (Groundball, 6, EV 103.8 MPH)
|
Batting: RHB Alexis Andrade
|
0-0: Ball 1-0: Swinging Strike 1-1: Foul Ball, location: 2F 1-2: Ball 2-2: Ground out U3 (Groundball, 3, EV 84.4 MPH)
|
Batting: RHB Frank Pena
|
0-0: Ball 1-0: Called Strike 1-1: Called Strike 1-2: Strikes out swinging
|
Top of the 8th over - 0 runs, 0 hits, 0 errors, 0 left on base; San Francisco (APP) 9 - Helena 20 |
BOTTOM OF THE 8TH |
Helena Brewers batting - Pitching for San Francisco (APP) Giants : RHP Bob Schweiger
|
Pinch Hitting: SHB Craig Wright
|
0-0: Foul Ball, location: 2F 0-1: Fly out, F9 (Flyball, 9, EV 90.0 MPH)
|
Batting: RHB Jonathan Sarles
|
0-0: Ball 1-0: Ball 2-0: Ball 3-0: Base on Balls
|
Batting: RHB Ben Taylor
|
0-0: Grounds into double play, 5-4-3 (Groundball, 5, EV 78.1 MPH)
|
Bottom of the 8th over - 0 runs, 0 hits, 0 errors, 0 left on base; San Francisco (APP) 9 - Helena 20 |
TOP OF THE 9TH |
San Francisco (APP) Giants batting - Pitching for Helena Brewers : RHP Allen Gans
|
Now at SS: Craig Wright
|
|
Batting: RHB Pedro Quezada
|
0-0: Ball 1-0: Foul Ball, location: 2F 1-1: Swinging Strike 1-2: Foul Ball, location: 2F 1-2: Foul Ball, location: 2F 1-2: Foul Ball, location: 2F 1-2: Foul Ball, location: 2F 1-2: SINGLE (Flyball, 7S, EV 87.5 MPH)
|
Batting: RHB Dinand Brouwer
|
0-0: Ball 1-0: Ball 2-0: Grounds into double play, 4-6-3 (Groundball, 4D, EV 106.9 MPH)
|
Batting: RHB Edwin Verdugo
|
0-0: Ball 1-0: Ball 2-0: Called Strike 2-1: Foul Ball, location: 2F 2-2: Foul Ball, location: 2F 2-2: Strikes out swinging
|
Top of the 9th over - 0 runs, 1 hit, 0 errors, 0 left on base; San Francisco (APP) 9 - Helena 20 |
|